 Dungeon Crawl Stone Soup version 0.28-a0-1513-ge4f4046303 (webtiles) character file.

Game seed: 13692311191122033991

84 MacCMillion the Digger (level 4, -2/24 HPs)
             Began as a Gargoyle Earth Elementalist on Jan 16, 2022.
             Slain by a worm (8 damage)
             ... on level 3 of the Dungeon.
             The game lasted 00:05:27 (3097 turns).

MacCMillion the Digger (GrEE)                       Turns: 3097, Time: 00:05:27

Health: -2/24      AC:  5    Str: 12    XL:     4   Next: 45%
Magic:  8/8        EV: 12    Int: 17    God:
Gold:   89         SH:  0    Dex: 10    Spells: 2/8 levels left

rFire   . . .      SeeInvis .   o - +0 rapier
rCold   . . .      Faith    .   (no shield)
rNeg    + . .      Spirit   .   b - +0 robe
rPois   ∞          Reflect  .   (no helmet)
rElec   +          Harm     .   (no cloak)
rCorr   .          Rampage  .   (no gloves)
Will    .....                   (no boots)
Stlth   ++........              (no amulet)
HPRegen 0.08/turn               (no ring)
MPRegen 0.11/turn               (no ring)

@: no status effects
A: sickness immunity, AC +3, negative energy resistance 1, electricity
resistance, torment resistance 1, petrification resistance
a: no special abilities


You were on level 3 of the Dungeon.
You visited 1 branch of the dungeon, and saw 3 of its levels.

You collected 89 gold pieces.

Inventory:

Hand Weapons
 g - a +0 dagger
 o - a +0 rapier (weapon)
Missiles
 c - 53 stones
Armour
 b - a +0 robe (worn)
Jewellery
 e - an amulet of the acrobat
 n - a ring of magical power
Scrolls
 d - a scroll of vulnerability {unknown}
 h - a scroll of acquirement {unknown}
 j - a scroll of fear {unknown}
 k - 2 scrolls of identify {unknown}
 l - a scroll of amnesia {unknown}
 m - a scroll of enchant armour {unknown}
Potions
 a - 3 potions of curing {unknown}
 f - a potion of cancellation {unknown}
 i - a potion of haste {unknown}


   Skills:
 + Level 0.0 Fighting
 - Level 1.7 Dodging
 - Level 3.0 Stealth
 + Level 2.8 Spellcasting
 + Level 1.2 Conjurations
 - Level 1.0 Transmutations
 + Level 4.5 Earth Magic


You had 2 spell levels left.
You knew the following spells:

 Your Spells              Type           Power      Damage    Failure   Level
a - Sandblast             Erth           34%        2d9       2%          1
b - Stone Arrow           Conj/Erth      24%        3d8       16%         3
c - Blink                 Tloc           4%         N/A       26%         2

Your spell library contained the following spells:

 Spells                   Type           Power      Damage    Failure   Level
 Passwall                 Tmut/Erth      9%         N/A       9%          2
 Lesser Beckoning         Tloc           2%         N/A       47%         3
 Petrify                  Tmut/Erth      11%        N/A       50%         4
 Manifold Assault         Tloc           2%         N/A       99%         5


Dungeon Overview and Level Annotations

Branches:
Dungeon (3/15)

Altars:


Innate Abilities, Weirdness & Mutations

You are immune to sickness and miasma.
Your stone body is resilient. (AC +3)
You are immune to poison.
You resist negative energy. (rN+)
You are resistant to electric shocks. (rElec)
You are resistant to unholy torment.
You are immune to petrification.


Message History

The kobold hits you with a +0 club.
You hit the kobold but do no damage.
The kobold is severely wounded.
The kobold hits you but does no damage.
You barely miss the kobold.
The kobold is severely wounded.
The kobold barely misses you.
You miss the kobold. You punch the kobold.
You kill the kobold!
No target in view!
No target in view!
Things that are here:
a +0 club; a kobold corpse
Found 11 gold pieces.
Found a stone staircase leading down.
You see here a +0 rapier.
o - a +0 rapier You start resting.
HP restored.
You now have 89 gold pieces (gained 11).
Found 17 arrows.
You see here 17 arrows.
Found a stone staircase leading down.
o - a +0 rapier (weapon)
There is a stone staircase leading down here.
You open the door.
A kobold brigand and a bat come into view.
The kobold brigand is wielding a +0 short sword and quivering curare-tipped darts.
There are monsters nearby!
There are monsters nearby!
Unknown command.
A worm comes into view.
Found a scroll labelled HENELL OLOSOIH.
You barely miss the worm. The worm bites you!
You hit the worm but do no damage. The worm bites you!
* * * LOW HITPOINT WARNING * * *
You hit the worm.
The worm is moderately wounded.
The worm bites you!
You die...

#.......# ....
###.# #.......#
... #.# #.......#
+# #.# #.......#
# #.#
#.......##### .#
#.#
####.##.....##.##
#.# #.
#.###.#...#?. ..#
#. #.#..........
#.#.#@.......
#......w##.##..
..#.###.# .# #.#
#.# # #. ..# ###


You could see a worm.

Vanquished Creatures
  A gnoll (D:1)
  3 adders (D:2)
  A dart slug (D:2)
  5 ball pythons
  4 bats
  3 endoplasms
  4 goblins
  4 hobgoblins
  4 jackals (D:1)
  A quokka (D:1)
  7 kobolds
  5 rats
42 creatures vanquished.

Notes
Turn   | Place    | Note
-------+----------+-------------------------------------------
     0 | D:1      | MacCMillion the Gargoyle Earth Elementalist began the quest
                  | for the Orb.
     0 | D:1      | Reached XP level 1. HP: 10/10 MP: 3/3
   404 | D:1      | Reached skill level 1 in Transmutations
   404 | D:1      | Reached XP level 2. HP: 4/15 MP: 0/5
   868 | D:1      | Reached skill level 4 in Earth Magic
   875 | D:1      | Reached XP level 3. HP: 16/19 MP: 2/6
  1145 | D:1      | Found a faded altar of an unknown god.
  1812 | D:2      | Learned a level 3 spell: Stone Arrow
  2288 | D:2      | Reached XP level 4. HP: 19/24 MP: 4/8
  2291 | D:2      | Reached skill level 1 in Conjurations
  2594 | D:2      | Learned a level 2 spell: Blink
  3081 | D:3      | Noticed a kobold brigand
  3097 | D:3      | Slain by a worm

Illustrated notes

Levels and vault maps discovered:
D:1:      heliophobic_arrival_henge, layout_loops_ring, basic_ecumenical_altar,
          minmay_tripent
D:2:      layout_loops_ring, chequers_serial_rivers_large_a,
          minmay_fractal_squares_gapless_5
D:3:      layout_loops_corners

Skill      XL: |  1  2  3  4 |
---------------+-------------+-----
Transmutations | 1 |  1.0
Earth Magic    | 4 |  4.5
Stealth        | 3 |  3.0
Conjurations   | 1 |  1.2
Dodging        | |  1.7
Spellcasting   | |  2.8

Action                   |  1- 3 |  4- 6 || total
-------------------------+-------+-------++-------
Melee: Unarmed           |    24 |       ||    24
       Dagger            |   103 |    40 ||   143
       Rapier            |       |     3 ||     3
       Punch             |       |     1 ||     1
 Cast: Sandblast         |    25 |     7 ||    32
 Stab: Sleeping          |     5 |       ||     5
Armor: Robe              |    44 |    14 ||    58
Dodge: Dodged            |    88 |    23 ||   111

Table legend: (Time is in decaauts)
 A = Elapsed time spent in this place.
 B = Non-inter-level travel time spent in this place.
 C = Inter-level travel time spent in this place.
 D = Time resting spent in this place.
 E = Time spent auto-exploring this place.
 F = Levels seen in this place.
 G = Mean time per level.
                   A        B        C        D        E       F      G
               +--------+--------+--------+--------+--------+-----+--------+
         Total |   3110 |   3089 |     21 |    488 |   2143 |   3 | 1036.7 |
       Dungeon |   3110 |   3089 |     21 |    488 |   2143 |   3 | 1036.7 |
               +--------+--------+--------+--------+--------+-----+--------+

Top non-repeatable levels by time:
     D:1: 1563 daAuts
     D:2: 1362 daAuts
     D:3: 185 daAuts
